 Dungeon Crawl Stone Soup version 0.25-a0-949-gdd2af9e06e (webtiles) character file.

Game seed: 6271180562701015258, levelgen mode: deterministic

62729 Flugslaktarn the Severer (level 14, -12/130 HPs)
             Began as a Minotaur Berserker on May 8, 2020.
             Was the Champion of Trog.
             Mangled by an orc warrior
             ... wielding a +0 halberd
              (26 damage)
             ... on level 1 of the Orcish Mines.
             The game lasted 00:09:31 (20884 turns).

Flugslaktarn the Severer (Minotaur Berserker)      Turns: 20884, Time: 00:09:31

Health: -12/130    AC: 21    Str: 22    XL:     14   Next: 65%
Magic:  5/5        EV: 15    Int:  5    God:    Trog [******]
Gold:   1106       SH:  0    Dex: 14    Spells: 13/13 levels left

rFire    . . .     SeeInvis .   m - +3 executioner's axe (antimagic)
rCold    . . .     Gourm    .   (shield currently unavailable)
rNeg     . . .     Faith    .   C - +0 plate armour
rPois    .         Spirit   .   l - +0 hat {MR+}
rElec    .         Reflect  .   r - +1 cloak {+Inv}
rCorr    .         Harm     .   (no gloves)
MR       ++...                  c - +1 pair of boots
Stlth    ..........             (no amulet)
HPRegen  0.31/turn              f - +1 ring of evasion
MPRegen  0.09/turn              I - +1 ring of evasion

@: no status effects
A: retaliatory headbutt, horns 2
a: Berserk, Trog's Hand, Brothers in Arms, Renounce Religion, Evoke Invisibility


You were on level 1 of the Orcish Mines.
You worshipped Trog.
Trog was exalted by your worship.
You were not hungry.

You visited 3 branches of the dungeon, and saw 17 of its levels.

You collected 1158 gold pieces.
You spent 52 gold pieces at shops.

Inventory:

Hand Weapons
 g - a +3 vorpal broad axe
   (You took it off Maggie on level 6 of the Dungeon)
 m - a +3 antimagic executioner's axe (weapon)
   (Trog gifted it to you on level 1 of the Lair of Beasts)
Missiles
 a - a throwing net (quivered)
Armour
 c - a +1 pair of boots (worn)
   (You found it on level 6 of the Dungeon)
 d - a scarf of resistance
   (You found it on level 3 of the Lair of Beasts)
 l - a +0 hat of magic resistance (worn)
   (You took it off Gastronok on level 1 of the Lair of Beasts)
 r - a +1 cloak of invisibility (worn)
   (You found it on level 2 of the Lair of Beasts)
 C - a +0 plate armour (worn)
   (You found it on level 4 of the Lair of Beasts)
 H - +0 fire dragon scales
   (You found it on level 6 of the Lair of Beasts)
Jewellery
 f - a +1 ring of evasion (left hand)
   (You found it on level 2 of the Lair of Beasts)
 h - an uncursed ring of positive energy
   (You found it on level 1 of the Dungeon)
 I - a +1 ring of evasion (right hand)
   (You found it on level 4 of the Dungeon)
Wands
 p - a wand of scattershot (4)
   (You found it on level 9 of the Dungeon)
 s - a wand of enslavement (10)
   (You found it on level 8 of the Dungeon)
 v - a wand of digging (4)
   (You found it on level 6 of the Lair of Beasts)
 D - a wand of acid (8)
   (You found it on level 5 of the Lair of Beasts)
Scrolls
 i - 2 scrolls of fog
 t - 3 scrolls of teleportation
 x - 6 scrolls of remove curse
 y - a scroll of vulnerability {unknown}
 z - a scroll of immolation {unknown}
 A - 2 scrolls of fear
 B - a scroll of enchant weapon
 G - a scroll of enchant armour
 J - a scroll of holy word {unknown}
Potions
 b - a potion of ambrosia
 j - 2 potions of cancellation {unknown}
 k - 4 potions of lignification
 n - 3 potions of brilliance {unknown}
 o - 4 potions of invisibility {unknown}
 q - 3 potions of curing
 u - 3 potions of might
 w - a potion of heal wounds
 E - a potion of degeneration {unknown}
 F - a potion of mutation {unknown}
 K - a potion of resistance {unknown}
Comestibles
 e - 36 rations


   Skills:
 + Level 13.8 Fighting
 * Level 18.3 Axes
 + Level 13.5 Armour
 + Level 12.6 Dodging
 - Level 5.0 Evocations


You had 13 spell levels left.
You didn't know any spells.
Your spell library was empty.

Dungeon Overview and Level Annotations

Branches:
Dungeon (10/15)            Temple (0/1) D:4            Lair (6/6) D:8
  Swamp (0/4) Lair:2       Spider (0/4) Lair:3        Slime (0/5) Lair:6
    Orc (1/2) D:9

Altars:
Elyvilon
Hepliaklqana
Nemelex Xobeh
Xom
Yredelemnul

Shops:
D:4 [   D:9 *

Annotations:
Lair:2 1 transporter, Flugslaktarn's ghost, journeyman MiFi


Innate Abilities, Weirdness & Mutations

You reflexively headbutt those who attack you in melee.
You have a pair of horns on your head.


Message History

You slice the orc warrior!! You slash the orc warrior!
The orc warrior hits you with a +0 halberd!!
The orc hits you but does no damage.
The orc warrior hits you with a +0 trident!!
* * * LOW HITPOINT WARNING * * *
You are too injured to fight recklessly!
You are too injured to fight recklessly!
You are too injured to fight recklessly!
You are too injured to fight recklessly!
You are too injured to fight recklessly!
You are too injured to fight recklessly!
You are too injured to fight recklessly!
You are too injured to fight recklessly!
You are too injured to fight recklessly!
You are too injured to fight recklessly!
You are too injured to fight recklessly!
You are too injured to fight recklessly!
You are too injured to fight recklessly!
The orc warrior hits you from afar with a +0 halberd!!
You die...

^... .. ...##.
$.... ##...##
#..... #....##
##.oo))#.#...
#$oo)@)......
......####.....#
##... ...## ##.
.## # #


You could see 3 orc warriors and an orc.

Vanquished Creatures
  Gastronok (Lair:1)
  An orc warlord (Orc:1)
  A fire dragon (Lair:6)
  4 hydras
  Erica (Lair:1)
  An alligator (Lair:6)
  10 death yaks
  A two-headed ogre (D:9)
  A queen ant (Lair:3)
  A swamp dragon (Lair:6)
  Pikel (D:4)
  An ugly thing (D:9)
  6 elephants (Lair:5)
  Joseph (D:8)
  11 black mambas
  A torpor snail (Lair:4)
  10 spiny frogs
  6 rime drakes
  Maggie (D:6)
  5 komodo dragons
  3 hornets (D:9)
  11 polar bears
  A queen bee (D:10)
  3 raiju (Lair:6)
  Grinder (D:5)
  12 hippogriffs
  14 blink frogs
  A slime creature (Lair:6)
  A wraith (D:6)
  2 redbacks (Lair:3)
  41 yaks
  10 wyverns
  14 basilisks
  A hungry ghost (D:10)
  5 steam dragons
  Menkaure (D:5)
  5 insubstantial wisps (Lair:2)
  5 soldier ants (Lair:3)
  Edmund (D:6)
  9 wargs
  13 water moccasins
  14 hell hounds (Lair:6)
  An acid dragon (Lair:6)
  6 porcupines
  5 orc warriors
  3 ice beasts (D:6)
  A swamp drake (Lair:6)
  13 black bears
  A phantom (D:7)
  An ogre (D:4)
  20 wolves
  3 centaurs
  2 big kobolds
  17 crocodiles
  11 bullfrogs
  A scorpion (D:5)
  19 killer bees (D:10)
  4 wights (D:7)
  2 electric eels (Lair:5)
  6 howler monkeys
  3 crimson imps
  3 hounds
  3 quasits
  A bullfrog zombie (D:10)
  A centaur skeleton (D:7)
  A bullfrog skeleton (D:6)
  9 orc priests
  2 centaur zombies
  3 jellies (Lair:6)
  20 orc wizards
  4 iguanas
  Ijyb (D:4)
  22 worker ants
  2 hound skeletons
  3 gnolls (D:6)
  A howler monkey skeleton (D:6)
  10 adders
  An ooze (D:5)
  3 adder skeletons
  6 leopard geckos
  40 orcs
  2 giant cockroaches
  2 goblins
  4 hobgoblins
  3 jackals (D:4)
  4 kobolds (D:7)
  2 quokkas
  6 bats (D:1)
  3 frilled lizards
  A leopard gecko skeleton (D:7)
  3 quokka zombies
  4 rats
  2 fungi
  7 plants
531 creatures vanquished.

Vanquished Creatures (others)
  An iguana (Lair:6)
  10 fungi
  26 plants
37 creatures vanquished.

Grand Total: 568 creatures vanquished

Notes
Turn   | Place    | Note
-------+----------+-------------------------------------------
     0 | D:1      | Flugslaktarn the Minotaur Berserker began the quest for the
                  | Orb.
     0 | D:1      | Reached XP level 1. HP: 19/19 MP: 0/0
   255 | D:1      | Reached XP level 2. HP: 20/27 MP: 1/1
   395 | D:1      | Reached skill level 4 in Axes
   580 | D:3      | Reached XP level 3. HP: 33/33 MP: 2/2
   622 | D:4      | Reached XP level 4. HP: 17/40 MP: 3/3
   623 | D:4      | Reached ** piety under Trog
   935 | D:4      | Noticed Pikel
   936 | D:4      | Noticed a slave
   937 | D:4      | Noticed a slave
   940 | D:4      | Noticed a slave
   942 | D:4      | Noticed a slave
   951 | D:4      | Killed Pikel
   951 | D:4      | Reached skill level 5 in Fighting
   951 | D:4      | Reached skill level 6 in Axes
   951 | D:4      | Reached XP level 5. HP: 40/48 MP: 4/4
   951 | D:4      | Reached XP level 6. HP: 47/56 MP: 5/5
   951 | D:4      | Reached XP level 7. HP: 51/61 MP: 6/6
  1168 | D:4      | Noticed Ijyb
  1182 | D:4      | Killed Ijyb
  1238 | D:4      | Reached skill level 7 in Axes
  1423 | D:4      | Found a staircase to the Ecumenical Temple.
  1471 | D:4      | Reached skill level 5 in Armour
  1865 | D:4      | Found Xiryc's Antique Armour Shoppe.
  2025 | D:4      | Found a basalt altar of Yredelemnul.
  2230 | D:5      | Entered Level 5 of the Dungeon
  2268 | D:5      | Noticed Menkaure
  2274 | D:5      | Killed Menkaure
  2274 | D:5      | Reached skill level 8 in Axes
  2274 | D:5      | Reached skill level 5 in Dodging
  2274 | D:5      | Reached XP level 8. HP: 60/70 MP: 7/7
  2449 | D:5      | Found a hazy altar of Hepliaklqana.
  2461 | D:5      | Noticed Grinder
  2464 | D:5      | Paralysed by Grinder for 2 turns
  2477 | D:5      | Killed Grinder
  3246 | D:5      | You fall into a shaft and drop 1 floor!
  3248 | D:6      | Noticed Edmund
  3256 | D:6      | Killed Edmund
  3256 | D:6      | Reached skill level 9 in Axes
  3383 | D:6      | Reached *** piety under Trog
  3389 | D:6      | Found a shimmering altar of Xom.
  3820 | D:6      | Reached XP level 9. HP: 79/79 MP: 8/8
  3938 | D:6      | Found a sparkling altar of Nemelex Xobeh.
  3942 | D:6      | Found a white marble altar of Elyvilon.
  4181 | D:6      | Noticed Maggie
  4192 | D:6      | Killed Maggie
  4192 | D:6      | Reached skill level 10 in Axes
  4725 | D:7      | Reached **** piety under Trog
  5055 | D:7      | Reached skill level 11 in Axes
  5617 | D:8      | Reached XP level 10. HP: 88/90 MP: 9/9
  5626 | D:8      | Noticed Joseph
  5642 | D:8      | Killed Joseph
  5713 | D:8      | Found a staircase to the Lair.
  6233 | D:9      | Noticed a two-headed ogre
  6240 | D:9      | Killed a two-headed ogre
  6240 | D:9      | Reached skill level 12 in Axes
  6435 | D:9      | Found a staircase to the Orcish Mines.
  6677 | D:9      | Paralysed by a hornet for 1 turns
  6678 | D:9      | Reached ***** piety under Trog
  6844 | D:9      | Found Hiutit's General Store.
  6867 | D:9      | Bought a potion of might for 52 gold pieces
  7039 | D:9      | Noticed a green ugly thing
  7046 | D:9      | Killed a green ugly thing
  7551 | D:10     | Entered Level 10 of the Dungeon
  7782 | D:10     | Reached XP level 11. HP: 99/99 MP: 10/10
  7845 | D:10     | Reached skill level 13 in Axes
  7920 | D:10     | Reached skill level 10 in Fighting
  9029 | Lair:1   | Entered Level 1 of the Lair of Beasts
  9178 | Lair:1   | Reached skill level 10 in Armour
  9247 | Lair:1   | Noticed Gastronok
  9269 | Lair:1   | Noticed Erica
  9275 | Lair:1   | Killed Gastronok
  9275 | Lair:1   | Reached skill level 14 in Axes
  9283 | Lair:1   | Killed Erica
  9568 | Lair:1   | Noticed a seven-headed hydra
  9974 | Lair:1   | Noticed a seven-headed hydra
  9985 | Lair:1   | Killed an 11-headed hydra
 10202 | Lair:1   | Killed a 13-headed hydra
 10202 | Lair:1   | Received a gift from Trog
 10202 | Lair:1   | Reached XP level 12. HP: 110/110 MP: 11/11
 10724 | Lair:2   | Reached skill level 1 in Evocations
 10785 | Lair:2   | Found a staircase to the Swamp.
 10790 | Lair:2   | Reached skill level 10 in Dodging
 11395 | Lair:2   | Found a transporter.
 11395 | Lair:2   | Noticed a five-headed hydra
 11396 | Lair:2   | Noticed a six-headed hydra
 11397 | Lair:2   | Found a transporter.
 11397 | Lair:2   | Noticed Flugslaktarn's ghost (journeyman MiFi)
 11399 | Lair:2   | Noticed a seven-headed hydra
 12162 | Lair:3   | Reached skill level 15 in Axes
 12820 | Lair:3   | Noticed a queen ant
 12827 | Lair:3   | Killed a queen ant
 13182 | Lair:3   | Found a hole to the Spider Nest.
 14062 | Lair:4   | Reached XP level 13. HP: 105/118 MP: 4/14
 14972 | Lair:5   | Reached skill level 16 in Axes
 15408 | Lair:5   | Received a gift from Trog
 16183 | Lair:5   | Reached skill level 5 in Evocations
 16807 | Lair:6   | Entered Level 6 of the Lair of Beasts
 16948 | Lair:6   | Reached skill level 17 in Axes
 17828 | Lair:6   | Reached XP level 14. HP: 111/129 MP: 5/16
 18584 | Lair:6   | Found a staircase to the Slime Pits.
 18595 | Lair:6   | Received a gift from Trog
 19786 | Lair:6   | Reached skill level 18 in Axes
 19820 | Lair:6   | Reached ****** piety under Trog
 20846 | Orc:1    | Entered Level 1 of the Orcish Mines
 20857 | Orc:1    | Noticed an orc warlord
 20879 | Orc:1    | Killed an orc warlord
 20884 | Orc:1    | Mangled by an orc warrior

Levels and vault maps discovered:
D:1:      psy_arrival_heroes, layout_loops_ring
D:2:      layout_loops_ring
D:3:      layout_rooms, uniq_terence, uniq_crazy_yiuf_cottage
D:4:      layout_cave_pods, overflow_temple_1_default,
          minmay_temple_entry_stoned_glass, serial_shops, nicolae_shop_stone,
          first_ration, uniq_pikel, uniq_ijyb
D:5:      layout_basic, basic_altar, minmay_quadrilaterals, uniq_grinder,
          uniq_menkaure
D:6:      minmay_chambers_of_sixes, layout_layer_cave,
          chequers_temple_overflow_statue_of_worship, uniq_edmund, uniq_maggie
D:7:      layout_basic
D:8:      layout_rooms, erik_lair_orcish_takeover, uniq_joseph
D:9:      layout_roguey, orc_0_dummy, serial_shops, shop,
          hangedman_pestilent_swarm
D:10:     layout_basic, special_room [special_room_bee]
Lair:1:   layout_cave_pods, uniq_gastronok, uniq_erica
Lair:2:   layout_hall_layers, minmay_swamp_entry_wisps, special_room,
          gammafunk_ghost_arena
Lair:3:   layout_regular_city, spider_nest_entry_webs, minmay_another_anthill
Lair:4:   layout_roguey, nicolae_quartered_pool_medium, lemuel_fruit_tree
Lair:5:   layout_cave_shapes, special_room [special_room_mythical_zoo],
          dpeg_stationary_puzzle, infiniplex_staircase_pool_2,
          grunt_megastairs_5
Lair:6:   guppyfry_lair_end_dragon, layout_layer_cave,
          hangedman_lair_caniforms_friends, minmay_slime_entry_pillars,
          lightli_volcano_entry_magma_tube, st_stairs_10
Orc:1:    layout_diamond_mine, serial_shops, shop

Skill      XL: |  1  2  3  4  5  6  7  8  9 10 11 12 13 14 |
---------------+-------------------------------------------+-----
Axes           | 4 6 8 9 11 12 14 15 17 18 | 18.3
Fighting       | 4 5 6 7 8 9 11 12 13 | 13.8
Armour         | 3 4 5 6 8 9 10 11 12 13 | 13.5
Dodging        | 4 5 6 7 8 9 10 11 12 | 12.6
Evocations     | 3 5 |  5.0

Action                   |  1- 3 |  4- 6 |  7- 9 | 10-12 | 13-15 || total
-------------------------+-------+-------+-------+-------+-------++-------
Melee: Hand axe          |    47 |    14 |   205 |       |       ||   266
       Headbutt          |     4 |     6 |    69 |    87 |    99 ||   265
       Broad axe         |       |       |    83 |   256 |       ||   339
       Executioner's axe |       |       |       |   230 |   523 ||   753
Invok: Berserk           |     1 |     1 |     5 |    10 |    10 ||    27
       Trog's Hand       |       |       |       |     1 |     2 ||     3
Evoke: Wand              |       |       |       |     3 |       ||     3
  Use: Scroll            |       |     1 |     6 |    13 |     1 ||    21
       Potion            |       |       |     1 |     2 |     1 ||     4
  Eat: Chunk             |       |     1 |    11 |    20 |    14 ||    46
       Ration            |       |       |     3 |     5 |     6 ||    14
Armor: Animal skin       |    14 |     2 |       |       |       ||    16
       Chain mail        |       |     4 |   127 |   268 |       ||   399
       Plate armour      |       |       |       |       |   372 ||   372
Dodge: Dodged            |    38 |     3 |   184 |   465 |   586 ||  1276

Table legend:
 A = Non-vault XP
 B = Vault XP
 C = Vault XP percentage of total XP
 D = Non-vault monster count
 E = Vault monster count
 F = Vault count percentage of total count
                 A         B        C        D         E       F
            +---------+---------+-------+---------+---------+-------
      Total |   54300 |   35313 |  39.4 |     333 |     190 |  36.3
            +---------+---------+-------+---------+---------+-------
        D:1 |      16 |       0 |   0.0 |      12 |       0 |   0.0
        D:2 |      21 |       0 |   0.0 |       5 |       0 |   0.0
        D:3 |      53 |       0 |   0.0 |       7 |       0 |   0.0
        D:4 |     543 |     709 |  56.6 |      22 |       2 |   8.3
        D:5 |     408 |     448 |  52.3 |      10 |       6 |  37.5
        D:6 |     751 |    1165 |  60.8 |      26 |       8 |  23.5
        D:7 |    1254 |       0 |   0.0 |      32 |       0 |   0.0
        D:8 |     356 |    1105 |  75.6 |       4 |      10 |  71.4
        D:9 |    2948 |     905 |  23.5 |      22 |       4 |  15.4
       D:10 |    2147 |    1465 |  40.6 |      29 |      20 |  40.8
     Lair:1 |    4940 |    3152 |  39.0 |      17 |       2 |  10.5
     Lair:2 |    2511 |     812 |  24.4 |      13 |       5 |  27.8
     Lair:3 |    7854 |    2539 |  24.4 |      36 |      22 |  37.9
     Lair:4 |    2664 |       0 |   0.0 |      12 |       0 |   0.0
     Lair:5 |   10718 |    7468 |  41.1 |      36 |      31 |  46.3
     Lair:6 |   14288 |   15545 |  52.1 |      31 |      80 |  72.1
      Orc:1 |    2828 |       0 |   0.0 |      19 |       0 |   0.0
            +---------+---------+-------+---------+---------+-------
